 Dungeon Crawl Stone Soup version 0.28-a0-662-g1651b1f1e0 (webtiles) character file.

Game seed: 3579657405838152542

2 nukaronaldo the Vexing (level 1, 0/12 HPs)
             Began as a Kobold Arcane Marksman on Oct 14, 2021.
             Slain by a quokka (2 damage)
             ... on level 1 of the Dungeon on Oct 15, 2021.
             The game lasted 00:01:26 (89 turns).

nukaronaldo the Vexing (Kobold Arcane Marksman)       Turns: 89, Time: 00:01:27

Health: 0/12       AC:  2    Str:  7    XL:     1   Next: 33%
Magic:  2/2        EV: 15    Int: 14    God:
Gold:   0          SH:  0    Dex: 15    Spells: 2/2 levels left

rFire   . . .      SeeInvis .   a - +0 hand crossbow
rCold   . . .      Faith    .   (shield restricted)
rNeg    . . .      Spirit   .   d - +0 robe
rPois   .          Reflect  .   (no helmet)
rElec   .          Harm     .   (no cloak)
rCorr   .          Rampage  .   (no gloves)
Will    .....                   (no boots)
Stlth   ++........              (no amulet)
HPRegen 0.04/turn               (no ring)
MPRegen 0.08/turn               (no ring)

@: no status effects
A: small, no large weapons, nightstalker 3
a: no special abilities


You were on level 1 of the Dungeon.
You visited 1 branch of the dungeon, and saw 1 of its levels.

Inventory:

Hand Weapons
 a - a +0 hand crossbow (weapon)
Missiles
 c - 16 bolts (quivered ammo)
Armour
 d - a +0 robe (worn)
Magical Staves
 b - a staff of death


   Skills:
 + Level 1.1 Fighting
 + Level 2.4 Crossbows
 + Level 2.4 Dodging
 + Level 1.1 Spellcasting
 + Level 3.1 Hexes


You had 2 spell levels left.
You didn't know any spells.
Your spell library contained the following spells:

 Spells                   Type           Power      Damage    Failure   Level
 Slow                     Hex            9%         N/A       11%         2
 Inner Flame              Hex/Fire       5%         N/A       38%         3
 Portal Projectile        Hex/Tloc       10%        N/A       38%         3
 Cause Fear               Hex            4%         N/A       56%         4


Dungeon Overview and Level Annotations

Branches:
Dungeon (1/15)

Altars:


Innate Abilities, Weirdness & Mutations

You are small and have problems with some larger weapons.
You are completely attuned to the shadows.


Message History

You see here a staff of death.
You see here a staff of death.
b - a staff of death
c - 19 bolts (gained 1)
There are no items here.
c - 20 bolts (gained 1) Unknown command.
Are you sure you want to abandon this character and quit the game? (Confirm with "yes".)
Okay, then.
Autopickup is now off.
Autopickup is now on.
Saving game... please wait.
Welcome back, nukaronaldo the Kobold Arcane Marksman.
Press ? for a list of commands and other information.
A quokka comes into view.
Fire: 20 bolts
Press: ? - help, Q - select action Shift-Dir - straight line, f - quokka
Aim: a quokka (asleep, 98% to hit)
You shoot a bolt.
The bolt hits the quokka but does no damage.
Fire: 19 bolts
Press: ? - help, Q - select action Shift-Dir - straight line, f/p - quokka
Aim: a quokka (53% to hit)
You shoot a bolt. The bolt misses the quokka.
The quokka bites you. x2
Fire: 18 bolts
Press: ? - help, Q - select action Shift-Dir - straight line, f/p - quokka
Aim: a quokka (53% to hit)
You shoot a bolt. The bolt hits the quokka.
The quokka is heavily wounded.
The quokka barely misses you.
Fire: 17 bolts
Press: ? - help, Q - select action Shift-Dir - straight line, f/p - quokka
Aim: a quokka (heavily wounded, 53% to hit)
You shoot a bolt. The bolt barely misses the quokka.
The quokka bites you.
* * * LOW HITPOINT WARNING * * *
The quokka completely misses you. The quokka bites you.
You die...

.#############
...(..(r......
..##.##.@.####
............
.##.##...####
#####.## #.#
#####.#####
#.........#
#######.>.....#
####.....#.......#


You could see a quokka.

Vanquished Creatures
  An endoplasm (D:1)
  A rat (D:1)
2 creatures vanquished.

Notes
Turn   | Place    | Note
-------+----------+-------------------------------------------
     0 | D:1      | nukaronaldo the Kobold Arcane Marksman began the quest for
                  | the Orb.
     0 | D:1      | Reached XP level 1. HP: 12/12 MP: 2/2
    89 | D:1      | Slain by a quokka

Illustrated notes

Levels and vault maps discovered:
D:1:      dpeg_arrival_arbitrary_c, layout_loops_ring,
          shapermc_ecumenical_altar_gd, st_stairs_9

Action                   || total
-------------------------++-------
 Fire: Hand crossbow     ||     7
Dodge: Dodged            ||     2

Table legend: (Time is in decaauts)
 A = Elapsed time spent in this place.
 B = Non-inter-level travel time spent in this place.
 C = Inter-level travel time spent in this place.
 D = Time resting spent in this place.
 E = Time spent auto-exploring this place.
 F = Levels seen in this place.
 G = Mean time per level.
                   A        B        C        D        E       F      G
               +--------+--------+--------+--------+--------+-----+--------+
         Total |     91 |     91 |      0 |      0 |      0 |   1 |   91.0 |
       Dungeon |     91 |     91 |      0 |      0 |      0 |   1 |   91.0 |
               +--------+--------+--------+--------+--------+-----+--------+

Top non-repeatable levels by time:
     D:1: 91 daAuts
